 Dungeon Crawl Stone Soup version 0.23-a0-49-gd9f7a49 (webtiles) character file.

5403 Mgcat the Cleaver (level 10, -2/74 HPs)
             Began as a Demonspawn Berserker on Aug 7, 2018.
             Was a High Priest of Trog.
             Slain by a thrashing horror (3 damage)
             ... on level 1 of the Abyss.
             The game lasted 00:28:55 (9652 turns).

Mgcat the Cleaver (Demonspawn Berserker)            Turns: 9652, Time: 00:28:55

Health: -2/74      AC: 18    Str: 20    XL:     10   Next: 40%
Magic:  0/10       EV: 10    Int:  9    God:    Trog [*****.]
Gold:   490        SH:  5    Dex: 18    Spells: 9/9 levels left

rFire    + . .     SeeInvis .   a - +1 hand axe
rCold    . . .     Gourm    .   g - +1 buckler
rNeg     . . .     Faith    .   A - +0 plate armour
rPois    .         Spirit   +   (helmet restricted)
rElec    .         Reflect  .   m - +1 cloak
rCorr    +         Harm     .   D - +0 pair of gloves
MR       .....                  F - +0 pair of boots
Stlth    ..........             H - amulet of magic regeneration
HPRegen  0.22/turn              C - ring of protection from fire {rF+, !d}
MPRegen  0.49/turn              w - ring of resist corrosion

@: agile, flying, hasted, very quick
A: antennae 1, slimy green scales 2, spiny 1, magic shield, magic regeneration,
magic link
a: Berserk, Trog's Hand, Brothers in Arms, Renounce Religion


You were on level 1 of the Abyss.
You worshipped Trog.
Trog was extremely pleased with you.
You were not hungry.

You visited 1 branch of the dungeon, and saw 9 of its levels.
You visited the Abyss 1 time.
You also visited: Ossuary.

You collected 542 gold pieces.
You spent 52 gold pieces at shops.

Inventory:

Hand Weapons
 a - a +1 hand axe (weapon)
 K - a +0 trident
   (You took it off an orc on level 9 of the Dungeon)
Missiles
 v - 12 tomahawks (quivered)
 L - 8 javelins of penetration
Armour
 g - a +1 buckler (worn)
   (You found it on level 3 of the Dungeon)
 m - a +1 cloak (worn)
   (You found it on level 3 of the Dungeon)
 A - a +0 plate armour (worn)
   (You took it off an orc warrior on level 6 of the Dungeon)
 D - a +0 pair of gloves (worn)
   (You found it on level 7 of the Dungeon)
 F - a +0 pair of boots (worn)
   (You found it on level 8 of the Dungeon)
Jewellery
 w - a ring of resist corrosion (right hand)
   (You found it on level 7 of the Dungeon)
 C - a ring of protection from fire (left hand) {rF+, !d}
   (You found it on level 6 of the Dungeon)
 H - an amulet of magic regeneration (around neck)
   (You found it on level 8 of the Dungeon)
Wands
 b - a wand of enslavement (8)
   (You took it off Ijyb on level 4 of the Dungeon)
 d - a wand of paralysis (38)
   (You found it on level 6 of the Dungeon)
 n - a wand of digging (6)
   (You took it off Dowan on level 7 of the Dungeon)
 x - a wand of disintegration (16)
   (You found it on level 5 of the Dungeon)
 z - a wand of random effects (21)
   (You took it off an orc wizard on level 6 of the Dungeon)
 G - a wand of acid (17)
   (You took it off an orc wizard on level 8 of the Dungeon)
 J - a wand of flame (46)
   (You found it on level 9 of the Dungeon)
Scrolls
 f - a scroll of silence
 k - a scroll of enchant weapon
 p - a scroll of fog
 r - 3 scrolls of magic mapping {!r}
 s - 4 scrolls of fear
 y - 3 scrolls of remove curse
 I - 2 scrolls of identify
Potions
 e - a potion of ambrosia
 h - 2 potions of mutation {!q}
 i - a potion of agility
 o - 2 potions of curing
 q - a potion of lignification {!q}
 t - 4 potions of haste
 u - a potion of berserk rage {!q}
Comestibles
 c - 8 rations


   Skills:
 - Level 5.1 Fighting
 + Level 13.5 Axes
 - Level 1.7 Armour
 - Level 1.7 Dodging


You had 9 spell levels left.
You didn't know any spells.
Your spell library was empty.

Dungeon Overview and Level Annotations

Branches:
Dungeon (9/15)             Temple (0/1) D:7
   Lair: D:8-11         Orc: D:9-12

Altars:
Ashenzari
Cheibriados
Fedhas
Gozag
Kikubaaqudgha
Nemelex Xobeh
Uskayaw
Zin

Shops:
D:5 *

Annotations:
D:4 2 transporters, biddum's ghost, novice MiFi
D:9 Joseph


Innate Abilities, Weirdness & Mutations

You have a pair of small antennae on your head.
You are mostly covered in slimy green scales. (AC +3)
You are partially covered in sharp spines.
When hurt, damage is shared between your health and your magic reserves.
You regenerate magic rapidly.
When low on magic, you restore magic in place of health.


Message History

The efreet is severely wounded.
The efreet gestures at you.
The fireball explodes!
The fireball engulfs you! You resist.
* * * LOW HITPOINT WARNING * * *
The fireball engulfs the efreet.
The efreet completely resists.
You feel much better. You block the efreet's attack. x2
Your plate armour prevents you from hitting the efreet.
The efreet is severely wounded.
The efreet gestures at you.
The fireball explodes!
The fireball engulfs you! You resist.
The fireball engulfs the efreet.
The efreet completely resists.
You slash the efreet!
The efreet is almost dead.
The efreet gestures at you.
The fireball explodes!
The fireball engulfs you! You resist.
The fireball engulfs the efreet.
The efreet completely resists.
You hit the efreet but do no damage.
The efreet is almost dead.
You block the efreet's attack.
You hit the efreet.
You kill the efreet!
Trog accepts your kill.
You see here a scimitar of flaming.
Unknown command.
You start resting.
Magic restored.
You feel yourself speed up.
You start resting.
You sense a monster nearby.
You start resting.
You recover from your berserk rage.
A starcursed mass comes into view.
The starcursed mass shrieks in your mind.
Okay, then.
A thrashing horror comes into view.
The thrashing horror moves out of view.
A sun demon comes into view.
Found a gateway leading out of the Abyss.
Unknown command.
Unknown command.
Unknown command.
Unknown command.
Okay, then.
Unknown command.
You feel very buoyant.
You fly up into the air.
The thrashing horror is struck by your spines.
The thrashing horror tramples you but does no damage.
The thrashing horror tramples you.
You hold your ground!
A starcursed mass splits.
You feel yourself speed up.
The thrashing horror roars!
You block the thrashing horror's attack.
The thrashing horror tramples you but does no damage.
The starcursed mass shrieks in your mind.
You feel agile all of a sudden.
The thrashing horror roars!
The thrashing horror is struck by your spines.
The thrashing horror tramples you.
You hold your ground!
The thrashing horror barely misses you.
A starcursed mass splits.
The thrashing horror roars!
The thrashing horror is struck by your spines.
The thrashing horror closely misses you.
The thrashing horror tramples you but does no damage.
The sun demon is struck by your spines. The sun demon hits you!
* * * LOW HITPOINT WARNING * * *
You are engulfed in flames!
You resist.
* * * LOW HITPOINT WARNING * * *
Okay, then.
Unknown command.
Unknown command.
Unknown command.
The thrashing horror is struck by your spines.
The thrashing horror tramples you but does no damage. x2
A chorus of shrieks assaults your mind.
* * * LOW HITPOINT WARNING * * *
A starcursed mass splits.
The sun demon closely misses you.
The thrashing horror closely misses you.
The thrashing horror barely misses you.
The thrashing horror tramples you but does no damage.
You block the thrashing horror's attack.
A chorus of shrieks assaults your mind.
* * * LOW HITPOINT WARNING * * *
The thrashing horror is struck by your spines.
The thrashing horror closely misses you.
The thrashing horror tramples you.
You hold your ground!
Okay, then.
Unknown command.
Unknown command.
The thrashing horror roars!
The thrashing horror completely misses you.
The thrashing horror tramples you.
You are shoved backwards!
There is a dry fountain here.
Unknown command.
Unknown command.
The thrashing horror roars!
The thrashing horror is struck by your spines.
The thrashing horror completely misses you.
The thrashing horror tramples you.
You die...

# #. ###..#X#
.. .#.##.....#
#.###....#XX#
#...##....#.#
.#
##≈≈##)##..##
...
..≈..###.....#
#.≈.#...#.....#
#.⌠≈⌠3##...#..
##.@X## .#...#
#.⌠.⌠.# ..###
#.≈.#≈..# . .
#.≈≈###≈...# .
#.≈# #≈≈## #.##
..# #. .#. #
#.#. # ##


You could see 2 starcursed masses, a sun demon and a thrashing horror.

Vanquished Creatures
  Pikel (D:7)
  An efreet (Abyss:1)
  3 hippogriffs
  A hungry ghost (D:8)
  A wyvern (D:8)
  A chaos spawn (Abyss:1)
  Menkaure (D:4)
  A black bear (D:6)
  3 orc warriors
  Duvessa (D:7)
  3 sky beasts
  3 ogres
  2 ice beasts (D:8)
  A slave (D:7)
  2 phantoms
  A centaur (D:8)
  A big kobold (D:8)
  A wyvern zombie (D:7)
  4 bullfrogs
  Dowan (D:7)
  A water moccasin zombie (Ossuary)
  A wyvern skeleton (D:6)
  2 scorpions
  4 killer bees (D:9)
  4 crimson imps
  A quasit (D:9)
  8 orc priests
  A hound (D:4)
  3 jellies
  A gnoll shaman (D:8)
  A bullfrog skeleton (D:5)
  2 iguanas (D:9)
  10 orc wizards
  Ijyb (D:4)
  2 worker ants
  2 big kobold zombies (Ossuary)
  A hound skeleton (D:9)
  2 mummies (Ossuary)
  5 gnolls (D:8)
  A howler monkey skeleton (D:7)
  11 adders
  A shadow imp (D:5)
  2 oozes
  4 adder zombies (Ossuary)
  3 worms
  An adder skeleton (D:5)
  3 dart slugs
  3 leopard geckos
  26 orcs
  3 giant cockroaches
  6 gnoll zombies (Ossuary)
  13 goblins
  4 hobgoblins
  13 jackals
  13 kobolds
  3 quokkas
  2 ball pythons
  7 bats
  4 frilled lizards
  A giant cockroach zombie (D:6)
  3 hobgoblin zombies (Ossuary)
  10 kobold zombies (Ossuary)
  2 leopard gecko skeletons (D:4)
  6 orc zombies (Ossuary)
  13 rats
243 creatures vanquished.

Vanquished Creatures (others)
  An orc (D:8)
  2 jackals (D:7)
3 creatures vanquished.

Grand Total: 246 creatures vanquished

Notes
Turn   | Place    | Note
-------+----------+-------------------------------------------
     0 | D:1      | Mgcat the Demonspawn Berserker began the quest for the Orb.
     0 | D:1      | Reached XP level 1. HP: 18/18 MP: 1/1
   205 | D:1      | Reached skill level 3 in Axes
   230 | D:1      | Gained mutation: You are partially covered in sharp spines. [demonic ancestry]
   230 | D:1      | Reached XP level 2. HP: 24/24 MP: 2/2
   965 | D:2      | Reached XP level 3. HP: 29/29 MP: 3/3
   969 | D:2      | Reached ** piety under Trog
  1009 | D:2      | Noticed a bullfrog
  1013 | D:2      | Killed a bullfrog
  1013 | D:2      | Reached skill level 4 in Fighting
  1013 | D:2      | Gained mutation: You have a pair of small antennae on your head. [demonic ancestry]
  1013 | D:2      | Reached XP level 4. HP: 33/37 MP: 4/4
  1365 | D:2      | Found a hide-covered altar of Uskayaw.
  1436 | D:2      | Reached skill level 4 in Axes
  2037 | D:2      | Gained mutation: You are partially covered in slimy green scales. (AC +2) [demonic ancestry]
  2037 | D:2      | Reached XP level 5. HP: 37/43 MP: 5/5
  2300 | D:3      | Found an ancient bone altar of Kikubaaqudgha.
  2761 | D:3      | Reached skill level 5 in Fighting
  3005 | D:4      | Noticed Menkaure
  3045 | D:4      | Noticed Ijyb
  3060 | D:4      | Killed Ijyb
  3076 | D:4      | Killed Menkaure
  3076 | D:4      | Reached skill level 5 in Axes
  3076 | D:4      | Gained mutation: When hurt, damage is shared between your health and your magic reserves. [demonic ancestry]
  3076 | D:4      | Reached XP level 6. HP: 51/51 MP: 6/6
  3210 | D:4      | Found a snail-covered altar of Cheibriados.
  3288 | D:4      | Reached skill level 6 in Axes
  3343 | D:4      | Found an opulent altar of Gozag.
  3380 | D:4      | Found a transporter.
  3381 | D:4      | Noticed biddum's ghost (novice MiFi)
  3392 | D:4      | Found a transporter.
  3411 | D:4      | Found a sand-covered staircase.
  3429 | Ossuary  | Entered an ossuary
  3465 | Ossuary  | Gained mutation: You are mostly covered in slimy green scales. (AC +3) [demonic ancestry]
  3465 | Ossuary  | Reached XP level 7. HP: 56/56 MP: 7/7
  3483 | Ossuary  | Reached *** piety under Trog
  3872 | D:4      | Reached skill level 7 in Axes
  4146 | D:5      | Entered Level 5 of the Dungeon
  4161 | D:5      | Reached **** piety under Trog
  4538 | D:5      | Found a blossoming altar of Fedhas.
  4560 | D:5      | Found Leor's General Store.
  4563 | D:5      | Bought a scroll of identify for 26 gold pieces
  4563 | D:5      | Bought a scroll of identify for 26 gold pieces
  4590 | D:5      | Reached skill level 8 in Axes
  4759 | D:5      | Reached XP level 8. HP: 62/62 MP: 8/8
  5644 | D:6      | Reached skill level 9 in Axes
  5759 | D:6      | HP: 14/93 [orc warrior/trident (12)]
  5764 | D:6      | HP: 15/62 [orc warrior/trident (16)]
  6435 | D:7      | Found a staircase to the Ecumenical Temple.
  6501 | D:7      | Noticed a hippogriff
  6511 | D:7      | Killed a hippogriff
  6511 | D:7      | Reached skill level 10 in Axes
  6814 | D:7      | Noticed Pikel
  6828 | D:7      | Killed Pikel
  6828 | D:7      | Gained mutation: You regenerate magic rapidly. [demonic ancestry]
  6828 | D:7      | Reached XP level 9. HP: 68/68 MP: 7/9
  6833 | D:7      | Reached skill level 11 in Axes
  6886 | D:7      | Found an opulent altar of Gozag.
  7333 | D:7      | Noticed Duvessa
  7333 | D:7      | Noticed Dowan
  7346 | D:7      | Killed Duvessa
  7359 | D:7      | Killed Dowan
  7639 | D:8      | Reached skill level 12 in Axes
  7700 | D:8      | Reached ***** piety under Trog
  7855 | D:8      | Found a sparkling altar of Nemelex Xobeh.
  8151 | D:8      | Gained mutation: When low on magic, you restore magic in place of health. [demonic ancestry]
  8151 | D:8      | Reached XP level 10. HP: 69/74 MP: 10/10
  9084 | D:9      | Reached skill level 13 in Axes
  9097 | D:9      | Found a shattered altar of Ashenzari.
  9125 | D:9      | Found a glowing silver altar of Zin.
  9351 | D:9      | Noticed Joseph
  9366 | D:9      | Cast into level 1 of the Abyss (Joseph)
  9367 | Abyss:1  | Found a corrupted altar of Lugonu.
  9369 | Abyss:1  | Noticed a spatial maelstrom
  9390 | Abyss:1  | HP: 16/74 [spatial maelstrom (13)]
  9392 | Abyss:1  | HP: 3/74 [spatial maelstrom (10)]
  9404 | Abyss:1  | HP: 15/74 [spatial maelstrom (9)]
  9413 | Abyss:1  | Noticed a thrashing horror
  9415 | Abyss:1  | HP: 9/74 [thrashing horror (4)]
  9531 | Abyss:1  | Noticed an orange demon
  9605 | Abyss:1  | HP: 17/74 [efreet/fireball (6)]
  9640 | Abyss:1  | Noticed a starcursed mass
  9642 | Abyss:1  | Noticed a thrashing horror
  9643 | Abyss:1  | Noticed a sun demon
  9647 | Abyss:1  | HP: 17/74 [sun demon (10)]
  9648 | Abyss:1  | HP: 4/74 [starcursed mass/accursed screaming (7)]
  9650 | Abyss:1  | HP: 1/74 [starcursed mass/accursed screaming (3)]
  9652 | Abyss:1  | Slain by a thrashing horror

Vault maps used:
D:1:      grunt_arrival_lava_bath
D:2:      lemuel_doored_altar
D:3:      nicolae_overflow_crystal_walls, minmay_randomly_rotated_circles
D:4:      kennysheep_slug_shrine, gammafunk_ghost_mausoleum,
          nicolae_ossuary_entry_ruins, eino_tiny_chamber,
          nicolae_gozag_seed_capital, uniq_ijyb, uniq_menkaure
D:5:      kennysheep_mini, serial_shops, nicolae_shop_trees, first_ration
D:7:      lemuel_round_altar, minmay_temple_entry_hall, uniq_pikel, uniq_duvessa
D:8:      nemelex_altar_shiori
D:9:      wad_cavern_with_rooms, grunt_temple_overflow_open, uniq_joseph
Ossuary:  ossuary_tomb_2

Skill      XL: |  1  2  3  4  5  6  7  8  9 10 |
---------------+-------------------------------+-----
Axes           | 3 4 5 6 8 10 12 13 | 13.5
Fighting       | 4 5 |  5.1
Armour         | |  1.7
Dodging        | |  1.7

Action                   |  1- 3 |  4- 6 |  7- 9 | 10-12 || total
-------------------------+-------+-------+-------+-------++-------
Melee: Hand axe          |    38 |    18 |   427 |   168 ||   651
       Short sword       |    12 |   134 |       |       ||   146
Throw: Tomahawk          |       |     3 |     3 |     2 ||     8
Invok: Berserk           |     1 |     6 |    14 |     4 ||    25
       Trog's Hand       |       |     4 |     1 |     1 ||     6
Evoke: Wand              |       |       |     8 |       ||     8
  Use: Scroll            |       |    14 |    13 |     4 ||    31
       Potion            |       |     1 |     2 |     8 ||    11
 Stab: Sleeping          |       |     5 |       |       ||     5
       Distracted        |       |       |     1 |       ||     1
  Eat: Chunk             |       |    16 |    22 |     4 ||    42
       Ration            |       |       |     2 |     2 ||     4
Armor: Animal skin       |     7 |       |       |       ||     7
       Ring mail         |     3 |    45 |    36 |       ||    84
       Chain mail        |       |       |    62 |       ||    62
       Plate armour      |       |       |    74 |    89 ||   163
Dodge: Dodged            |    36 |    63 |    97 |    39 ||   235
Block: Buckler           |       |    15 |    59 |    37 ||   111

Table legend:
 A = Spawn XP
 B = Non-spawn XP
 C = Spawn XP percentage of total XP
 D = Spawn monster count
 E = Non-spawn monster count
 F = Spawn count percentage of total count
 G = Total turns spent on level
                    A         B        C        D         E        F      G
               +---------+---------+-------+---------+---------+-------+---------
         Total |       0 |    7719 |   0.0 |       0 |     243 |   0.0 |  9652
               +---------+---------+-------+---------+---------+-------+---------
           D:1 |       0 |      35 |   0.0 |       0 |      21 |   0.0 |   925
           D:2 |       0 |     174 |   0.0 |       0 |      28 |   0.0 |  1363
           D:3 |       0 |     142 |   0.0 |       0 |      25 |   0.0 |   762
           D:4 |       0 |     506 |   0.0 |       0 |      10 |   0.0 |   691
           D:5 |       0 |     360 |   0.0 |       0 |      15 |   0.0 |  1236
           D:6 |       0 |     998 |   0.0 |       0 |      30 |   0.0 |  1035
           D:7 |       0 |    1540 |   0.0 |       0 |      14 |   0.0 |  1033
           D:8 |       0 |    2180 |   0.0 |       0 |      44 |   0.0 |  1559
           D:9 |       0 |     988 |   0.0 |       0 |      20 |   0.0 |   357
       Abyss:1 |       0 |     577 |   0.0 |       0 |       2 |   0.0 |   286
       Ossuary |       0 |     219 |   0.0 |       0 |      34 |   0.0 |   405
               +---------+---------+-------+---------+---------+-------+---------

Vault maps used:
D:1:      grunt_arrival_lava_bath
D:2:      lemuel_doored_altar
D:3:      nicolae_overflow_crystal_walls, minmay_randomly_rotated_circles
D:4:      kennysheep_slug_shrine, gammafunk_ghost_mausoleum,
          nicolae_ossuary_entry_ruins, eino_tiny_chamber,
          nicolae_gozag_seed_capital, uniq_ijyb, uniq_menkaure
D:5:      kennysheep_mini, serial_shops, nicolae_shop_trees, first_ration
D:7:      lemuel_round_altar, minmay_temple_entry_hall, uniq_pikel, uniq_duvessa
D:8:      nemelex_altar_shiori
D:9:      wad_cavern_with_rooms, grunt_temple_overflow_open, uniq_joseph
Ossuary:  ossuary_tomb_2

Table legend:
 A = Turns spent in this place as a percentage of turns spent in the entire game.
 B = Non-inter-level travel turns spent in this place as a percentage of non-inter-level travel turns spent in the entire game.
 C = Inter-level travel turns spent in this place as a percentage of turns spent in this place.
 D = Turns resting spent in this place as a percentage of non-inter-level travel turns spent in this place.
 E = Turns spent auto-exploring this place as a percentage of non-inter-level travel turns spent in this place.
 F = Non-inter-level travel turns spent in this place divided by the number of levels of this place that you've seen.
                   A       B       C       D       E      F
               +-------+-------+-------+-------+-------+----------------------
         Total | 100.0 | 100.0 |   3.7 |  16.9 |  60.1 | 844.8
       Dungeon |  92.8 |  92.6 |   4.0 |  16.3 |  63.9 | 955.8
         Abyss |   3.0 |   3.1 |   0.0 |   8.4 |   1.4 | 286.0
       Ossuary |   4.2 |   4.4 |   0.0 |  36.8 |  21.0 | 405.0
               +-------+-------+-------+-------+-------+----------------------

Table legend:
 A = Kills in this place as a percentage of kills in entire the game.
 B = Kills by you in this place as a percentage of kills by you in the entire game.
 C = Kills by friends in this place as a percentage of kills by friends in the entire game.
 D = Other kills in this place as a percentage of other kills in the entire game.
 E = Experience gained in this place as a percentage of experience gained in the entire game.
 F = Experience gained in this place divided by the number of levels of this place that you have seen.
                   A       B       C       D       E      F
               +-------+-------+-------+-------+-------+----------------------
         Total | 100.0 | 100.0 |   N/A | 100.0 | 100.0 | 701.7
       Dungeon |  85.2 |  85.1 |   N/A | 100.0 |  89.7 | 769.2
         Abyss |   0.8 |   0.8 |   N/A |   0.0 |   7.5 | 577.0
       Ossuary |  14.0 |  14.0 |   N/A |   0.0 |   2.8 | 219.0
               +-------+-------+-------+-------+-------+----------------------
